Match 45364042
Unlisted

Match 45364042
End
Construct Section Command Post
Royal Engineer Section
Infantry Section
Selects Canadian Shock Battlegroup
Dingo Light Scout Car
Infantry Section
Selects Attacking Spirit
Selects Canadian Shock Section
Canadian Shock Section
Selects Incendiary Munitions
Construct Platoon Command Post
Humber Armored Car
6-pounder Anti-tank Gun Team
Grenade Package
Selects Pyrotechnics
Vickers Machine Gun Team
Infantry Training
Construct Company Command Post
Selects Smoke Operation
Canadian Shock Section
Unlock M3 Grant Medium Tanks
Canadian Shock Section
6-pounder Anti-tank Gun Team
Team Weapon Training
M3 Grant Medium Tank
6-pounder Anti-tank Gun Team
A Hard Boiled Egg
B3LK0x☠
C. Troy
jiro
0
0

Comments sign in to comment!

No comments posted yet!